 Dungeon Crawl Stone Soup version 0.30-a0-585-g93115170b9 (webtiles) character file.

Game seed: 14446445376411635386

1157 wormed the Covert (level 8, 0/50 HPs)
             Began as a Kobold Delver on Jan 1, 2023.
             Was a Believer of Okawaru.
             Engulfed by a steam dragon's steam (2 damage)
             ... on level 6 of the Dungeon.
             The game lasted 00:06:34 (5730 turns).

wormed the Covert (Kobold Delver)                   Turns: 5730, Time: 00:06:35

Health: 0/50       AC:  6    Str:  9    XL:     8   Next: 66%
Magic:  6/8        EV: 20    Int: 11    God:    Okawaru [**....]
Gold:   293        SH:  7    Dex: 19    Spells: 7/7 levels left

rFire   . . .      SeeInvis .    a - +0 short sword
rCold   . . .      Faith    .    e - +0 buckler
rNeg    . . .      Spirit   .    b - +0 leather armour
rPois   .          Reflect  .    d - +0 helmet
rElec   .          Harm     .    (no cloak)
rCorr   .          Rampage  .    f - +0 pair of gloves
Will    .....                    (no boots)
Stlth   +++++++                  (no amulet)
HPRegen 0.28/turn                (no ring)
MPRegen 0.11/turn                (no ring)

@: heroic
A: small, no large weapons, nightstalker 3
a: Renounce Religion, Heroism


You were on level 6 of the Dungeon.
You worshipped Okawaru.
Okawaru was pleased with you.
You visited 2 branches of the dungeon, and saw 7 of its levels.

You collected 293 gold pieces.

Inventory:

Hand Weapons
 a - a +0 short sword (weapon)
Missiles
 n - 8 poisoned darts
Armour
 b - a +0 leather armour (worn)
 d - a +0 helmet (worn)
 e - a +0 buckler (worn)
 f - a +0 pair of gloves (worn)
Jewellery
 i - a ring of protection from fire
 r - an amulet of magic regeneration
 t - a ring of ice
Wands
 g - a wand of digging (2)
 h - a wand of acid (8) (quivered)
Scrolls
 c - a scroll of fog
 l - 2 scrolls of teleportation {unknown}
 p - 3 scrolls of identify {unknown}
 q - a scroll of magic mapping
 x - 2 scrolls of vulnerability {unknown}
 y - 2 scrolls of poison {unknown}
Potions
 j - a potion of cancellation {unknown}
 k - a potion of flight {unknown}
 m - a potion of magic {unknown}
 o - 3 potions of curing {unknown}
 s - a potion of degeneration {unknown}
 u - a potion of heal wounds
 v - a potion of lignification {unknown}
 w - a potion of brilliance


   Skills:
 + Level 5.4(10.4) Fighting
 * Level 7.9(12.9) Short Blades
 + Level 5.3(10.3) Dodging
 + Level 8.8(13.8) Stealth
 * Level 2.7(7.7) Shields


You had 7 spell levels left.
You didn't know any spells.
Your spell library contained the following spells:

 Spells                   Type           Power      Damage    Failure   Level
 Ensorcelled Hibernation  Hex/Ice        0%         N/A       69%         2
 Passwall                 Tmut/Erth      0%         N/A       69%         2
 Static Discharge         Conj/Air       0%         2-2/arc   69%         2
 Swiftness                Air            0%         N/A       89%         3
 Petrify                  Tmut/Erth      0%         N/A       100%        4
 Sticky Flame             Conj/Fire      0%         2d3       100%        4
 Alistair's Intoxication  Tmut/Pois      0%         N/A       100%        5
 Enfeeble                 Hex            0%         N/A       100%        7


Dungeon Overview and Level Annotations

Branches:
Dungeon (6/15)             Temple (1/1) D:5

Altars:
Ashenzari
Cheibriados
Dithmenos
Fedhas
Gozag
Kikubaaqudgha
Makhleb
Nemelex Xobeh
Okawaru
Qazlal
Ru
Sif Muna
Trog
Uskayaw
Vehumet
Wu Jian
Xom
Zin
The Shining One

Shops:
D:4 :


Innate Abilities, Weirdness & Mutations

You are small and have problems with some larger weapons.
You are completely attuned to the shadows.


Message History

You closely miss the steam dragon.
The steam dragon is lightly wounded.
The shadow imp gestures at you. Pain shoots through your body!
The steam dragon closely misses you. You block the steam dragon's attack.
You hit the steam dragon.
The steam dragon is moderately wounded.
The steam dragon bites you! The steam dragon closely misses you.
You completely miss the steam dragon.
The steam dragon is moderately wounded.
You barely miss the steam dragon.
The steam dragon is moderately wounded.
The steam dragon closely misses you. The steam dragon claws you.
You hit the steam dragon but do no damage.
The steam dragon is moderately wounded.
The shadow imp hits you. The steam dragon breathes steam at you.
The ball of steam misses you.
You barely miss the steam dragon.
The steam dragon is moderately wounded.
You are engulfed in a cloud of scalding steam.
You are too injured to fight recklessly!
You gain the combat prowess of a mighty hero.
You are engulfed in a cloud of scalding steam.
* * * LOW HITPOINT WARNING * * *
The shadow imp closely misses you. The steam dragon bites you.
* * * LOW HITPOINT WARNING * * *
The steam dragon completely misses you.
You hit the steam dragon but do no damage.
The steam dragon is moderately wounded.
You are engulfed in a cloud of scalding steam.
* * * LOW HITPOINT WARNING * * *
The shadow imp is engulfed in a cloud of scalding steam.
The shadow imp closely misses you. You block the steam dragon's attack.
The steam dragon misses you.
A scorpion comes into view.
You barely miss the steam dragon.
The steam dragon is moderately wounded.
You are engulfed in a cloud of scalding steam.
You die...

,,,,,,,,,,,,***,,,*,,....<...#.#*
,,,,,,,,,,,,,**#.,*,,....#.....#*
,,,,,,,,,,,,,,,..#*######..#####*
,,,,,,,,,,*,,,,...##......## *
****,******,***#s......#### *
*,*****,,* #.##.....## **
*,*,,,,,** #.#..##...##### *,
*,,,*****####.#.####......# *,
****,*** *...D@§..§###.....# *,
*,,,,* *...§5....# #######**,
*,**,* *......§.§# *,,,,,, ,,,,,*
*.........# *,,,,,, ,,,***
*.........# *,,,,,,
,,,,,*******,,>,,,,,,******,,,,,,
,,,*,,,,,,,,,,,,,,,,,,,,,,,,,,,,,
,,,************************,,,,,,
,,,* *,,,,,,


You could see a steam dragon (catching breath), a scorpion (wandering) and a
shadow imp.

Vanquished Creatures
  Grinder (D:3)
  2 ice beasts
  A black bear (D:5)
  A centaur (D:4)
  2 necrophages
  A scorpion (D:5)
  A howler monkey (D:6)
  Terence (D:2)
  5 iguanas
  An orc wizard (D:5)
  8 adders
  2 white imps (D:5)
  An ufetubus (D:5)
  3 worms
  A dart slug (D:2)
  12 orcs
  9 endoplasms
  4 giant cockroaches
  A goblin (D:1)
  6 hobgoblins
  9 jackals
  14 kobolds
  4 quokkas
  8 ball pythons
  11 bats
  5 frilled lizards
  5 rats
119 creatures vanquished.

Vanquished Creatures (others)
  7 fungi (D:4)
7 creatures vanquished.

Grand Total: 126 creatures vanquished

Notes
Turn   | Place    | Note
-------+----------+-------------------------------------------
     0 | D:5      | wormed the Kobold Delver began the quest for the Orb.
     0 | D:5      | Reached XP level 1. HP: 14/14 MP: 1/1
     0 | D:5      | Found a staircase to the Ecumenical Temple.
     5 | Temple   | Entered the Ecumenical Temple
   163 | Temple   | Became a worshipper of Warmaster Okawaru
   193 | D:6      | Noticed an iguana
   196 | D:6      | Killed an iguana
   197 | D:6      | Reached XP level 2. HP: 19/19 MP: 2/2
   197 | D:6      | Reached XP level 3. HP: 23/23 MP: 3/3
   207 | D:6      | Noticed a necrophage
   288 | D:5      | Noticed an ice beast
   293 | D:5      | Killed an ice beast
   293 | D:5      | Reached * piety under Okawaru
   294 | D:5      | Reached skill level 7 in Stealth
   294 | D:5      | Reached XP level 4. HP: 29/29 MP: 4/4
   294 | D:5      | Reached XP level 5. HP: 33/33 MP: 5/5
   351 | D:4      | Noticed a centaur
   356 | D:4      | Killed a centaur
   357 | D:4      | Reached skill level 5 in Short Blades
   357 | D:4      | Reached XP level 6. HP: 38/38 MP: 6/6
   371 | D:4      | Found a hide-covered altar of Uskayaw.
   407 | D:4      | Reached ** piety under Okawaru
   844 | D:4      | Found a glowing silver altar of Zin.
   916 | D:4      | Found Dayrcho's Book Boutique.
  1002 | D:4      | Found a sacrificial altar of Ru.
  1002 | D:4      | Found a snail-covered altar of Cheibriados.
  1002 | D:4      | Found a burning altar of Makhleb.
  1386 | D:3      | Noticed an ice beast
  1400 | D:3      | Killed an ice beast
  1401 | D:3      | Reached XP level 7. HP: 18/44 MP: 7/7
  1708 | D:2      | Reached skill level 8 in Stealth
  1959 | D:2      | Found a bloodstained altar of Trog.
  1968 | D:2      | Got the Papyrus of Mutated Ensorcelling
  2323 | D:2      | Noticed Terence
  2335 | D:2      | HP: 1/44 [poisoned by Terence]
  2339 | D:2      | Killed Terence
  2347 | D:2      | HP: 2/44 [poisoned by Terence]
  3654 | D:3      | Got the Information on the Energetic Welkin
  3822 | D:3      | Identified the +5 arbalest of Xiamn {drain, Will+}
  4196 | D:3      | Noticed Grinder
  4200 | D:3      | Killed Grinder
  4201 | D:3      | Reached skill level 5 in Fighting
  4201 | D:3      | Reached skill level 1 in Shields
  4201 | D:3      | Reached XP level 8. HP: 49/49 MP: 8/8
  4420 | D:3      | Found a glowing golden altar of the Shining One.
  5000 | D:5      | Reached skill level 5 in Dodging
  5728 | D:6      | HP: 2/50 [steam dragon (5)]
  5730 | D:6      | Engulfed by a steam dragon's steam

Illustrated notes

Levels and vault maps discovered:
D:1:      roderic_crossed_star, layout_loops_ring, dreamdust_princess_bridge
D:2:      layout_loops_ring, basic_altar, amcnicky_mini_pool_small,
          minmay_door_square, uniq_terence
D:3:      layout_basic, tso_altar, uniq_grinder
D:4:      layout_rooms, eat_drink_and_be_merry_uskayaw, zin_treasury,
          gammafunk_temple_overflow_claw, serial_shops, shop, serial_aquarium,
          aquarium_bridge_square [aquarium_subvault_wall,
          aquarium_subvault_balcony, aquarium_subvault_bridge,
          aquarium_subvault_window], aquarium_window_fake,
          aquarium_window_corridor_1, aquarium_view_2a, aquarium_view_2f,
          aquarium_balcony_3a, aquarium_pool_side
D:5:      layout_loops_ring, minmay_temple_entry_from_below_a
D:6:      layout_rooms, uniq_duvessa
Temple:   hellmonk_temple_forest_ring

Skill      XL: |  1  2  3  4  5  6  7  8 |
---------------+-------------------------+-----
Short Blades   | 3 4 5 6 7 |  7.9
Fighting       | 4 5 |  5.4
Dodging        | 3 4 5 |  5.3
Stealth        | 7 8 |  8.8
Shields        | 1 2 |  2.7

Action                   |  1- 3 |  4- 6 |  7- 9 || total
-------------------------+-------+-------+-------++-------
Melee: Short sword       |     7 |    75 |   278 ||   360
       Punch             |     1 |       |       ||     1
Invok: Heroism           |       |       |     4 ||     4
Evoke: Wand              |       |     4 |       ||     4
  Use: Scroll            |     1 |     1 |       ||     2
       Potion            |     1 |       |     3 ||     4
 Stab: Sleeping          |     2 |    16 |    47 ||    65
       Distracted        |       |     1 |       ||     1
Armor: Leather armour    |     1 |     8 |    32 ||    41
Dodge: Dodged            |     3 |    38 |   132 ||   173
Block: Buckler           |       |       |    38 ||    38

Table legend: (Time is in decaauts)
 A = Elapsed time spent in this place.
 B = Non-inter-level travel time spent in this place.
 C = Inter-level travel time spent in this place.
 D = Time resting spent in this place.
 E = Time spent auto-exploring this place.
 F = Levels seen in this place.
 G = Mean time per level.
                   A        B        C        D        E       F      G
               +--------+--------+--------+--------+--------+-----+--------+
         Total |   5611 |   5354 |    257 |    161 |   4316 |   7 |  801.6 |
       Dungeon |   5434 |   5194 |    240 |    161 |   4183 |   6 |  905.7 |
        Temple |    176 |    159 |     17 |      0 |    133 |   1 |  176.0 |
               +--------+--------+--------+--------+--------+-----+--------+

Top non-repeatable levels by time:
     D:3: 1545 daAuts
     D:5: 1073 daAuts
     D:2: 1055 daAuts
     D:4: 1007 daAuts
     D:1: 682 daAuts
  Temple: 176 daAuts
     D:6: 70 daAuts
